Map: Dusk Towers

Players

ILLBdA - Winner!

  • Race: Protoss Protoss
  • League: Diamond

Wyfor

  • Race: Protoss Protoss
  • League: Gold

VOD

Have the link to the VOD?

Description

Time

  • Played on: Dec. 29, 2015, 8:07 p.m.
  • Length: 2:42
Show
View Real Time Build Order
Export as new Build Order

ILLBdA Protoss - Winner!

Build Orders:  

Get SALT Encoding   

  12  0:01  Probe (Chrono Boost)  
  13  0:11  Probe (Chrono Boost)  
  14  0:19  Pylon  
  14  0:23  Probe (Chrono Boost)  
  15  0:37  Probe (Chrono Boost)  
  15  0:41  Pylon  
  16  1:00  Gateway x2  
  16  1:06  Gateway  
  16  1:14  Assimilator  
  16  1:48  Cybernetics Core  
  16  1:50  Zealot (Chrono Boost)  
  16  1:51  Zealot (Chrono Boost)  
  16  1:53  Zealot (Chrono Boost)  
  22  2:07  Pylon  
  24  2:18  Zealot (Chrono Boost)  
  26  2:33  Pylon  
  26  2:36  Pylon  
Show
View Real Time Build Order
Export as new Build Order

Wyfor Protoss 

Build Orders: 1 Gate Expand 

Get SALT Encoding   

  12  0:01  Probe (Chrono Boost)  
  13  0:12  Probe (Chrono Boost)  
  14  0:19  Pylon  
  14  0:22  Probe (Chrono Boost)  
  15  0:37  Probe (Chrono Boost)  
  15  0:39  Gateway  
  16  0:45  Assimilator  
  16  0:47  Probe (Chrono Boost)  
  17  0:58  Probe (Chrono Boost)  
  18  1:08  Probe (Chrono Boost)  
  19  1:19  Probe (Chrono Boost)  
  20  1:28  Nexus  
  20  1:31  Probe (Chrono Boost)  
  21  1:41  Cybernetics Core  
  21  1:44  Probe (Chrono Boost)  
  22  1:53  Pylon  
  22  1:55  Probe (Chrono Boost)  
  22  1:59  Assimilator  
  23  2:11  Probe (Chrono Boost)  
  26  2:21  Probe (Chrono Boost)  
Tags
 
Matchup
PvP
Replay Pack
me
Add a new tag
Caveats
  • Supply blocks, unpowered buildings, or Contaminate may cause inaccurate times.
  • Supply counts are checked every 10 seconds.